 Dungeon Crawl Stone Soup version 0.26.1-11-gd32895ea62 (webtiles) character file.

Game seed: 7199812217916321852

843 Urokeeper the Chopper (level 7, -12/66 HPs)
             Began as a Deep Dwarf Fighter on July 23, 2021.
             Was a Believer of Wu Jian.
             Mangled by Menkaure (17 damage)
             ... on level 5 of the Dungeon.
             The game lasted 00:26:54 (3391 turns).

Urokeeper the Chopper (Deep Dwarf Fighter)          Turns: 3391, Time: 00:26:54

Health: -12/66     AC:  8    Str: 21    XL:     7   Next: 68%
Magic:  6/6        EV:  8    Int:  9    God:    Wu Jian [**....]
Gold:   185        SH: 10    Dex: 12    Spells: 6/6 levels left

rFire    . . .     SeeInvis .   a - +0 war axe
rCold    + . .     Faith    .   c - +0 kite shield
rNeg     . . .     Spirit   .   I - +1 scale mail {Will+}
rPois    .         Reflect  .   (no helmet)
rElec    .         Harm     .   (no cloak)
rCorr    .         Rampage  .   (no gloves)
Will     ++...                  (no boots)
Stlth    ..........             r - amulet of magic regeneration
HPRegen  0.00/turn              J - ring of protection from cold
MPRegen  0.35/turn              (no ring)

@: non-regenerating
A: damage resistance, heal wounds, sense surroundings 1, no regeneration
a: Heal Wounds, Renounce Religion, Wall Jump


You were on level 5 of the Dungeon.
You worshipped Wu Jian.
Wu Jian was pleased with you.
You visited 1 branch of the dungeon, and saw 5 of its levels.

You collected 185 gold pieces.

Inventory:

Hand Weapons
 a - a +0 war axe (weapon)
 g - a cursed -3 dagger
 q - a +3 whip
 y - a +0 dagger of speed
 C - a +2 vorpal long sword
Missiles
 i - 2 atropa-tipped darts (quivered)
 o - 18 poisoned darts
 v - 72 arrows
Armour
 b - a +0 scale mail
 c - a +0 kite shield (worn)
 l - a +0 ring mail
 x - a +0 buckler
 A - a +0 chain mail of fire resistance
 G - a +0 plate armour
 I - a +1 scale mail of willpower (worn)
Jewellery
 r - an amulet of magic regeneration (around neck)
 J - a ring of protection from cold (left hand)
Wands
 t - a wand of flame (18)
 D - a wand of random effects (13)
Scrolls
 h - a scroll of remove curse {unknown}
 j - a scroll of immolation {unknown}
 m - a scroll of enchant armour {unknown}
 n - 5 scrolls of identify
 p - 3 scrolls of magic mapping {unknown}
 u - 2 scrolls of blinking {unknown}
 E - a scroll of teleportation {unknown}
 F - a scroll of enchant weapon {unknown}
Potions
 d - a potion of might
 e - a potion of berserk rage {unknown}
 f - 3 potions of flight {unknown}
 k - a potion of haste {unknown}
 s - a potion of brilliance {unknown}
 w - 2 potions of cancellation {unknown}
 z - 2 potions of curing {unknown}
 B - a potion of lignification {unknown}


   Skills:
 + Level 4.6 Fighting
 + Level 6.7 Axes
 + Level 4.7 Armour
 + Level 1.5 Dodging
 + Level 0.7 Stealth
 + Level 4.8 Shields


You had 6 spell levels left.
You didn't know any spells.
Your spell library contained the following spells:

 Spells                   Type           Power        Failure   Level
 Summon Demon             Summ           0%           100%        5
 Summon Forest            Summ/Tloc      0%           100%        5
 Summon Mana Viper        Hex/Summ       0%           100%        5
 Shadow Creatures         Summ           N/A          100%        6
 Summon Hydra             Summ           0%           100%        7


Dungeon Overview and Level Annotations

Branches:
Dungeon (5/15)             Temple (0/1) D:5

Altars:
Wu Jian

Shops:
D:5 [

Annotations:
D:5 Menkaure


Innate Abilities, Weirdness & Mutations

You are resistant to damage.
You can heal yourself by infusing magical energy.
You passively map a small area around you.
You do not regenerate.


Message History

You finish taking off your +0 chain mail of fire resistance.
You feel less resistant to fire.
You start putting on your armour.
You continue putting on your +1 scale mail of willpower.
Menkaure gestures at you while chanting.
Keep equipping yourself?
Pain shoots through your body!
You continue putting on your +1 scale mail of willpower.
Menkaure calls on the powers of darkness!
Your body is wracked with pain!
Menkaure shouts, "The curse of the Pharaohs be upon you!"
You continue putting on your +1 scale mail of willpower. x3
Menkaure calls on the powers of darkness!
Your body is wracked with pain!
You finish putting on your +1 scale mail of willpower.
You feel strong-willed.
You barely miss Menkaure. Menkaure hits you!!
* * * LOW HITPOINT WARNING * * *
Menkaure hits you!!
You die...

,,,......##+.........#,, * *
#....##....⌠......#* ,
#....'............#
#....#...⌠.>.⌠....#
##+########....#............#
...............#.....⌠......#####
...............#................#
...............#M..#####....(...#
...............'@..#............#
...............#...#............#
...............##+##............#
##############..................#
......#..#...#..................#
......#..#...'..................#
#....##..##..#..................#
#....##..##..###'#######........#
.....#.....†.>.........#........#


You could see Menkaure (fast).

Vanquished Creatures
  Sigmund (D:5)
  An ogre (D:5)
  4 scorpions
  2 orc priests (D:3)
  An orc wizard (D:3)
  Natasha (thrice) (D:2)
  4 worker ants
  3 adders
  2 river rats (D:3)
  3 worms
  4 dart slugs
  4 leopard geckos
  10 orcs (D:3)
  10 giant cockroaches
  3 goblins
  7 hobgoblins
  9 jackals
  2 quokkas
  3 ball pythons (D:3)
  5 bats
  4 frilled lizards
  8 kobolds
  5 rats
98 creatures vanquished.

Notes
Turn   | Place    | Note
-------+----------+-------------------------------------------
     0 | D:1      | Urokeeper the Deep Dwarf Fighter began the quest for the
                  | Orb.
     0 | D:1      | Reached XP level 1. HP: 20/20 MP: 1/1
   109 | D:1      | Reached XP level 2. HP: 25/27 MP: 2/2
   114 | D:1      | Found an ornate altar of the Wu Jian Council.
   128 | D:1      | Became a worshipper of the Wu Jian Council
   325 | D:1      | Reached XP level 3. HP: 22/34 MP: 3/3
   738 | D:2      | Reached * piety under Wu Jian
   828 | D:2      | Noticed Natasha
   837 | D:2      | Killed Natasha
   838 | D:2      | Reached skill level 3 in Axes
   838 | D:2      | Reached XP level 4. HP: 40/42 MP: 4/4
   853 | D:2      | Noticed Natasha
   860 | D:2      | Killed Natasha
  1118 | D:2      | Noticed Natasha
  1149 | D:2      | Killed Natasha
  1150 | D:2      | Reached skill level 4 in Axes
  1405 | D:3      | Reached XP level 5. HP: 42/49 MP: 5/5
  1490 | D:3      | Reached skill level 1 in Dodging
  1669 | D:3      | Found a glowing drain.
  1761 | D:3      | Reached ** piety under Wu Jian
  1890 | D:3      | Reached skill level 5 in Axes
  1890 | D:3      | Reached XP level 6. HP: 46/56 MP: 6/6
  2625 | D:4      | Reached skill level 6 in Axes
  2879 | D:5      | Entered Level 5 of the Dungeon
  2891 | D:5      | Noticed Sigmund
  2906 | D:5      | Killed Sigmund
  2907 | D:5      | Reached XP level 7. HP: 47/63 MP: 7/7
  3040 | D:5      | Found the -2 hat of the Alchemist {rElec rPois rF+ rC+ rN+
                  | Will+ rMut rCorr}
  3124 | D:5      | Found Bieneram's Armour Shoppe.
  3303 | D:5      | Found a staircase to the Ecumenical Temple.
  3377 | D:5      | Noticed Menkaure
  3391 | D:5      | Mangled by Menkaure

Illustrated notes

Levels and vault maps discovered:
D:1:      dpeg_arrival_rhombi, layout_rooms, minmay_hexomino_r4
D:2:      layout_basic, chequers_serial_rivers_room_a, uniq_natasha
D:3:      layout_rooms, portal_sewer_entry_b, roderic_malta_cross,
          minmay_increasing_density
D:4:      layout_basic, grunt_decor_junction
D:5:      layout_gridville, temple_fountains, serial_shops, shop,
          guppyfry_early_orc_mine, uniq_sigmund, uniq_menkaure

Skill      XL: |  1  2  3  4  5  6  7 |
---------------+----------------------+-----
Fighting       | 3 4 |  4.6
Axes           | 3 4 5 6 |  6.7
Armour         | 4 |  4.7
Shields        | 4 |  4.8
Dodging        | 1 |  1.5
Stealth        | |  0.7

Action                   |  1- 3 |  4- 6 |  7- 9 || total
-------------------------+-------+-------+-------++-------
Melee: War axe           |   111 |   179 |    49 ||   339
Invok: Lunge             |     7 |     6 |     2 ||    15
       Whirlwind         |       |     5 |       ||     5
 Abil: Heal Wounds       |     1 |     2 |     3 ||     6
       Wall Jump         |       |     1 |     1 ||     2
  Use: Scroll            |       |       |     2 ||     2
Armor: Scale mail        |    42 |    51 |       ||    93
       Chain mail        |       |    22 |    13 ||    35
Dodge: Dodged            |    37 |    48 |     9 ||    94
Block: Kite shield       |    49 |    89 |    18 ||   156
